 Dungeon Crawl Stone Soup version 0.31.0-11-ge490571c62 (webtiles) character file.

Game seed: 1693655613446009482

77 qw the Shooter (level 4, -2/25 HPs)
             Began as a Deep Elf Hunter on Feb 3, 2024.
             Killed by nerve-wracking pain
             ... invoked by an orc priest
              (3 damage)
             ... on level 3 of the Dungeon.
             The game lasted 00:00:29 (1840 turns).

qw the Shooter (Deep Elf Hunter)                    Turns: 1840, Time: 00:00:30

Health: -2/25      AC:  3    Str: 10    XL:     4   Next: 14%
Magic:  6/6        EV: 12    Int: 14    God:
Gold:   114        SH:  0    Dex: 18    Spells: 3/3 levels left

rFire   . . .        a - +1 shortbow
rCold   . . .        (shield currently unavailable)
rNeg    . . .        c - +0 leather armour
rPois   .            (no helmet)
rElec   .            (no cloak)
rCorr   .            (no gloves)
SInv    .            (no boots)
Will    .....        h - amulet of faith
Stlth   ++           (no ring)
HPRegen 0.24/turn    (no ring)
MPRegen 0.10/turn

%: faith
@: about to teleport
A: no striking features
a: no special abilities


You were on level 3 of the Dungeon.
You visited 1 branch of the dungeon, and saw 3 of its levels.

You collected 114 gold pieces.


   Skills:
 - Level 1.5 Fighting
 + Level 7.5 Ranged Weapons
 - Level 2.4 Dodging
 - Level 1.2 Stealth


You had 3 spell levels left.
You didn't know any spells.
Your spell library was empty.

Inventory:

Hand Weapons
 a - a +1 shortbow (weapon)
Armour
 c - a +0 leather armour (worn)
Jewellery
 h - an amulet of faith (around neck)
Wands
 j - a wand of mindburst (12)
Scrolls
 f - 2 scrolls of enchant armour
Potions
 b - 2 potions of curing {unknown}
 e - a potion of mutation
 g - a potion of degeneration {unknown}
 i - a potion of enlightenment {unknown}

Dungeon Overview and Level Annotations

Branches:
Dungeon (3/15)

Altars:
Qazlal


Message History

The arrow hits the orc but does no damage.
The orc is severely wounded.
An orc comes into view. It is wielding a +0 hand axe.
You shoot an arrow. The arrow hits the orc!
You kill the orc!
You shoot an arrow.
The arrow hits the orc but does no damage.
You shoot an arrow. The arrow hits the orc.
The orc is heavily wounded.
You shoot an arrow. The arrow hits the orc!
You kill the orc!
You shoot an arrow. The arrow hits the orc priest.
The orc priest is lightly wounded.
You shoot an arrow. The arrow hits the orc priest.
The orc priest is moderately wounded.
You shoot an arrow.
The arrow closely misses the orc priest.
You shoot an arrow. The arrow hits the orc priest.
The orc priest is heavily wounded.
You shoot an arrow.
The arrow completely misses the orc priest.
The orc priest hits you with a +0 club.
You shoot an arrow. The arrow hits the orc priest.
The orc priest is almost dead.
The orc hits you but does no damage.
The orc priest mumbles some strange prayers to Beogh against you.
Pain shoots through your body! The orc priest hits you with a +0 club.
The orc closely misses you.
You shoot an arrow.
The arrow closely misses the orc priest.
The orc closely misses you.
The orc priest calls down the wrath of Beogh upon you.
Pain shoots through your body!
Ouch! That really hurt!
1840 ||| READING scroll of teleportation.
As you read the scroll of teleportation, it crumbles to dust.
You feel strangely unstable.
The orc priest calls down the wrath of Beogh upon you.
Pain shoots through your body!
You die...

.# #.#... .# #.#.#. .#
#.#... .# #.#.#. )# #
######..<.¤
)#.#.#.........¤
##########o#.#.#.####.)..~
.).......@o...............
##.......#.#.#.#.#.#..#...
.........#.#.#.#.#....#...
##.......#.#.#........#...
+.......#.#.###.#....#...
##.......#.#.....####.#...
....)....#.#.#........#..#
....#.##.#.###.########...
.............#......<..#..


You could see an orc priest and an orc.

Vanquished Creatures
  An adder (D:2)
  2 dart slugs
  3 orcs (D:3)
  7 ball pythons
  5 endoplasms
  2 giant cockroaches
  5 goblins
  6 hobgoblins (D:1)
  2 jackals (D:1)
  3 quokkas
  4 bats
  3 frilled lizards
  6 kobolds
  6 rats
55 creatures vanquished.

Notes
Turn   | Place    | Note
-------+----------+-------------------------------------------
     0 | D:1      | qw the Deep Elf Hunter began the quest for the Orb.
     0 | D:1      | Reached XP level 1. HP: 12/12 MP: 3/3
     0 | D:1      | 0 ||| qw: Version: 0.3-a-155-g5e7d8dd
     0 | D:1      | 0 ||| qw: Game counter: 3101
     0 | D:1      | 0 ||| qw: Melee chars always use a shield: true
     0 | D:1      | 0 ||| qw: God list: Okawaru
     0 | D:1      | 0 ||| qw: Allow faded altars: false
     0 | D:1      | 0 ||| qw: Do Orc after clearing Dungeon:15 true
     0 | D:1      | 0 ||| qw: Do second Lair branch before Depths: true
     0 | D:1      | 0 ||| qw: Lair rune preference: random
     0 | D:1      | 0 ||| qw: Goals: Normal
     0 | D:1      | 0 ||| PLANNING D:1-11
   315 | D:1      | Reached skill level 6 in Ranged Weapons
   315 | D:1      | Reached XP level 2. HP: 16/16 MP: 4/4
   543 | D:1      | Found a faded altar of an unknown god.
   653 | D:1      | Reached XP level 3. HP: 20/20 MP: 5/5
  1020 | D:1      | 1020 ||| UPGRADING to amulet of faith.
  1025 | D:1      | 1025 ||| READING 2 scrolls labelled REHIREDGHOM.
  1028 | D:1      | 1028 ||| READING scroll labelled MIORGH LACI.
  1129 | D:1      | 1129 ||| READING scroll labelled NAIRGHI CIECW.
  1129 | D:1      | 1129 ||| ENCHANTING +0 shortbow.
  1130 | D:1      | 1130 ||| READING scroll labelled FAEJEF OPHOEVE.
  1131 | D:1      | 1131 ||| DROPPING scroll of butterflies.
  1199 | D:2      | Reached skill level 7 in Ranged Weapons
  1728 | D:2      | 1728 ||| READING scroll labelled VAUBAPPYTS.
  1728 | D:2      | 1728 ||| IDENTIFYING viscous golden potion
  1729 | D:2      | 1729 ||| READING 3 scrolls labelled GIONES BOAMOC.
  1729 | D:2      | 1729 ||| ENCHANTING +1 shortbow.
  1777 | D:3      | Found a stormy altar of Qazlal.
  1779 | D:3      | Reached XP level 4. HP: 25/25 MP: 6/6
  1839 | D:3      | HP: 1/25 [orc priest/nerve-wracking pain (13)]
  1840 | D:3      | 1840 ||| READING scroll of teleportation.
  1840 | D:3      | Killed from afar by an orc priest

Levels and vault maps discovered:
D:1:      eino_arrival_druids_welcome, layout_loops_corners,
          hellmonk_ecumenical_altar_dog_temple, kennysheep_another_room
D:2:      layout_loops_ring
D:3:      layout_basic, grunt_temple_overflow_forces_of_nature, trog_wizard,
          uniq_natasha

Skill      XL: |  1  2  3 |
---------------+----------+-----
Ranged Weapons | 6 7 |  7.5
Fighting       | |  1.5
Dodging        | |  2.4
Stealth        | |  1.2

Action                     |  1- 3 |  4- 6 || total
---------------------------+-------+-------++-------
   Fire: Shortbow          |   124 |    22 ||   146
    Use: Scroll            |     6 |     1 ||     7
 Armour: Leather armour    |    19 |     3 ||    22
  Dodge: Dodged            |    32 |     2 ||    34

Table legend:
 A = Non-vault XP
 B = Vault XP
 C = Vault XP percentage of total XP
 D = Non-vault monster count
 E = Vault monster count
 F = Vault count percentage of total count
                 A         B        C        D         E       F
            +---------+---------+-------+---------+---------+-------
      Total |     107 |       4 |   3.6 |      53 |       2 |   3.6
            +---------+---------+-------+---------+---------+-------
        D:1 |      57 |       4 |   6.6 |      32 |       2 |   5.9
        D:2 |      32 |       0 |   0.0 |      12 |       0 |   0.0
        D:3 |      18 |       0 |   0.0 |       9 |       0 |   0.0
            +---------+---------+-------+---------+---------+-------
